 Dungeon Crawl Stone Soup version 0.26.0-10-g1f06aea511 (webtiles) character file.

Game seed: 5950075110648419432

2361 TreeFish the Sneak (level 9, -5/65 HPs)
             Began as a Human Enchanter on Jan 14, 2021.
             Was an Initiate of Dithmenos.
             Slain by Harold
             ... wielding a +0 glaive
              (22 damage)
             ... on level 7 of the Dungeon on Jan 15, 2021.
             The game lasted 00:32:36 (10743 turns).

TreeFish the Sneak (Human Enchanter)               Turns: 10743, Time: 00:32:36

Health: -5/65      AC:  7    Str:  9      XL:     9   Next: 72%
Magic:  12/16      EV: 14    Int: 18      God:    Dithmenos [......]
Gold:   396        SH:  0    Dex: 12 (14) Spells: 8/17 levels left

rFire    . . .     SeeInvis .   a - +1 dagger
rCold    + . .     Faith    .   (no shield)
rNeg     . . .     Spirit   .   C - +0 leather armour
rPois    .         Reflect  .   l - +2 helmet
rElec    .         Harm     .   (no cloak)
rCorr    .         Rampage  .   u - +0 pair of gloves
Will     .....                  (no boots)
Stlth    +++.......             (no amulet)
HPRegen  0.20/turn              f - ring of protection from cold
MPRegen  0.15/turn              (no ring)

@: confusing touch, about to teleport, marked, studying Shields
A: no striking features
a: Renounce Religion


You were on level 7 of the Dungeon.
You worshipped Dithmenos.
Dithmenos was noncommittal.
You visited 2 branches of the dungeon, and saw 8 of its levels.

You collected 396 gold pieces.

Inventory:

Hand Weapons
 a - a +1 dagger (weapon)
Missiles
 c - 278 stones
 E - 25 poisoned darts
Armour
 l - a +2 helmet (worn)
 u - a +0 pair of gloves (worn)
 C - a +0 leather armour (worn)
 G - a +0 chain mail of cold resistance
Magical Staves
 b - an uncursed staff of fire
Jewellery
 f - a ring of protection from cold (left hand)
 p - an uncursed amulet of faith
 H - an uncursed amulet of guardian spirit
Wands
 o - a wand of random effects (18)
 w - a wand of acid (5)
 J - a wand of paralysis (7)
Scrolls
 d - a scroll of teleportation
 e - 5 scrolls of remove curse
 g - a scroll of immolation {unknown}
 h - 2 scrolls of amnesia {unknown}
 q - 6 scrolls of fog
 s - a scroll of blinking {unknown}
 t - a scroll of noise {unknown}
 v - a scroll of enchant weapon
 y - 2 scrolls of magic mapping
 A - a scroll of fear
 I - a scroll of vulnerability {unknown}
Potions
 i - 2 potions of heal wounds
 j - 2 potions of ambrosia {unknown}
 k - a potion of cancellation {unknown}
 m - 6 potions of curing {unknown}
 n - a potion of haste
 r - 2 potions of berserk rage {unknown}
 x - a potion of might {unknown}
 z - a potion of invisibility {unknown}
 B - a potion of degeneration {unknown}
 D - a potion of flight {unknown}
 F - a potion of lignification {unknown}
Books
 K - a manual of Shields


   Skills:
 + Level 4.3 Fighting
 + Level 4.9 Short Blades
 - Level 3.0 Armour
 + Level 5.2 Dodging
 + Level 6.1 Stealth
 + Level 1.1 Shields
 + Level 4.8 Spellcasting
 + Level 5.6 Hexes


You had 8 spell levels left.
You knew the following spells:

 Your Spells              Type           Power        Failure   Level
a - Corona                Hex            26%          1%          1
c - Confusing Touch       Hex            24%          5%          3
s - Ensorcelled Hibernat  Hex/Ice        28%          9%          2
t - Tukima's Dance        Hex            24%          5%          3

Your spell library contained the following spells:

 Spells                   Type           Power        Failure   Level
 Dazzling Flash           Conj/Hex       28%          17%         3
 Magic Dart               Conj           16%          19%         1
 Searing Ray              Conj           8%           28%         2
 Fulminant Prism          Conj/Hex       7%           50%         4
 Iskenderun's Mystic Bla  Conj/Tloc      4%           88%         4


Dungeon Overview and Level Annotations

Branches:
Dungeon (7/15)             Temple (1/1) D:6

Altars:
Ashenzari
Cheibriados
Dithmenos
Elyvilon
Fedhas
Gozag
Hepliaklqana
Nemelex Xobeh
Okawaru
Qazlal
Ru
Sif Muna
Uskayaw
Vehumet
Wu Jian
Xom
Yredelemnul
The Shining One

Shops:
D:7 (

Annotations:
D:7 Harold


Message History

Casting: Ensorcelled Hibernation (safe; 9% risk of failure)
Confirm with . or Enter, or press ? or * to list all spells.
Your hands begin to glow red.
Harold points at you and mumbles some strange words.
A sentinel's mark forms upon you.
You hit Harold but do no damage. You completely miss Harold.
Harold hits you but does no damage.
You hit Harold but do no damage. Harold hits you with a +0 glaive!
You hit Harold but do no damage. You hit Harold but do no damage.
Harold drinks a potion.
Harold seems to speed up.
You hit Harold but do no damage. Harold hits you with a +0 glaive!
As you read the scroll of teleportation, it crumbles to dust.
You feel strangely unstable.
Harold says, "Ah, this is what I got into this business for!"
Harold misses you.
You hit Harold but do no damage. Harold hits you with a +0 glaive!
* * * LOW HITPOINT WARNING * * *
You hit Harold but do no damage. Harold hits you with a +0 glaive!!
You die...

#...###.#.
#.......#. ######
#...##..' #.....
##>.##..# ######
###..##..# #
.........# # #.
#.# #
###..##.###### #
#.....@....#.# #
......@.......#
##.#########..#
#### #..# #...
######..### #.##
#.........# #(#
#.####.####..#.#
#.#
#............#.#
#.#
.............##.#
#.#


You could see Harold (fast).

Vanquished Creatures
  A yak (D:7)
  Eustachio (D:4)
  Menkaure (D:7)
  Duvessa (D:5)
  5 sky beasts
  An ice beast (D:5)
  3 ogres
  2 centaurs
  A big kobold (D:5)
  A bullfrog (D:6)
  A scorpion (D:5)
  Dowan (D:5)
  A wight (D:7)
  4 howler monkeys
  A bullfrog zombie (D:5)
  2 hounds
  2 jellies
  A quasit (D:7)
  2 bullfrog skeletons (D:6)
  2 orc priests
  A worker ant (D:5)
  An iguana (D:4)
  A worker ant zombie (D:6)
  5 adders
  A white imp (D:5)
  2 ufetubi
  An adder zombie (D:5)
  A dart slug (D:1)
  3 leopard geckos
  13 orcs
  5 giant cockroaches
  8 hobgoblins
  4 jackals (D:1)
  5 quokkas
  9 bats
  4 frilled lizards
  2 giant cockroach zombies
  11 goblins
  28 kobolds
  2 quokka skeletons (D:7)
  A quokka zombie (D:6)
  7 rats
149 creatures vanquished.

Vanquished Creatures (collateral kills)
  A goblin (D:3)
1 creature vanquished.

Vanquished Creatures (others)
  2 dancing weapons (D:4)
  8 plants (D:5)
10 creatures vanquished.

Grand Total: 160 creatures vanquished

Notes
Turn   | Place    | Note
-------+----------+-------------------------------------------
     0 | D:1      | TreeFish the Human Enchanter began the quest for the Orb.
     0 | D:1      | Reached XP level 1. HP: 13/13 MP: 3/3
   219 | D:1      | Reached XP level 2. HP: 19/19 MP: 5/5
   490 | D:1      | Learned a level 2 spell: Ensorcelled Hibernation
   870 | D:1      | Reached XP level 3. HP: 24/24 MP: 6/6
  1703 | D:2      | Reached XP level 4. HP: 27/30 MP: 5/7
  2007 | D:2      | Learned a level 3 spell: Confusing Touch
  2474 | D:2      | Found a radiant altar of Vehumet.
  2809 | D:3      | Reached XP level 5. HP: 28/35 MP: 4/8
  2849 | D:3      | Learned a level 3 spell: Tukima's Dance
  3438 | D:4      | Noticed Eustachio
  3715 | D:4      | Reached skill level 1 in Fighting
  3715 | D:4      | Reached skill level 1 in Armour
  3715 | D:4      | Reached XP level 6. HP: 29/43 MP: 5/10
  3949 | D:4      | Reached skill level 4 in Stealth
  4278 | D:4      | Killed Eustachio
  4279 | D:4      | Reached XP level 7. HP: 45/48 MP: 8/11
  4350 | D:4      | You fall into a shaft and drop 2 floors!
  4471 | D:5      | Entered Level 5 of the Dungeon
  5621 | D:5      | Found a sparkling altar of Nemelex Xobeh.
  5886 | D:5      | Reached XP level 8. HP: 32/57 MP: 7/13
  6695 | D:5      | Noticed Duvessa
  6695 | D:5      | Noticed Dowan
  6698 | D:5      | Killed Dowan
  6699 | D:5      | Reached skill level 5 in Stealth
  7512 | D:5      | Killed Duvessa
  7868 | D:6      | Found a hazy altar of Hepliaklqana.
  7868 | D:6      | Found a sacrificial altar of Ru.
  7988 | D:6      | Found a staircase to the Ecumenical Temple.
  8004 | Temple   | Entered the Ecumenical Temple
  8215 | Temple   | Became a worshipper of Dithmenos the Shadowed
  8561 | D:6      | Reached skill level 5 in Hexes
  8561 | D:6      | Reached XP level 9. HP: 40/64 MP: 9/15
  8872 | D:6      | Found a basalt altar of Yredelemnul.
  9109 | D:7      | Found Ywuschur's Weapon Shop.
  9312 | D:7      | Found a shimmering blue altar of Sif Muna.
  9575 | D:7      | Noticed Harold
  9878 | D:7      | Reached skill level 5 in Dodging
  9890 | D:7      | Reached skill level 6 in Stealth
 10159 | D:7      | Noticed Menkaure
 10173 | D:7      | Killed Menkaure
 10174 | D:7      | Reached skill level 1 in Shields
 10743 | D:7      | Slain by Harold

Illustrated notes

Levels and vault maps discovered:
D:1:      erik_arrival_orb_chamber, layout_basic, hangedman_decor_growths
D:2:      layout_basic, old_standard_altar
D:3:      layout_rooms
D:4:      layout_rooms, uniq_eustachio
D:5:      kennysheep_kobold_camp, layout_cave_pools,
          nemelex_xobeh_ov_fountains_minmay, grunt_ministairs_15, uniq_duvessa
D:6:      layout_rooms, minitemple, temple_pool_b, basic_altar
D:7:      minmay_blocky_corners, layout_loops_ring, lemuel_crystal_altar,
          zin_treasury, serial_shops, nicolae_shop_stone,
          nicolae_tso_swordbearing_angel, uniq_harold, uniq_menkaure
Temple:   nicolae_temple_figure_eight

Skill      XL: |  1  2  3  4  5  6  7  8  9 |
---------------+----------------------------+-----
Short Blades   | 2 3 4 |  4.9
Fighting       | 1 2 3 4 |  4.3
Armour         | 1 2 3 |  3.0
Dodging        | 3 4 5 |  5.2
Stealth        | 4 5 6 |  6.1
Spellcasting   | 3 4 |  4.8
Hexes          | 4 5 |  5.6
Shields        | 1 |  1.1

Action                   |  1- 3 |  4- 6 |  7- 9 || total
-------------------------+-------+-------+-------++-------
Melee: Dagger            |   139 |   202 |   691 ||  1032
 Cast: Corona            |     1 |       |       ||     1
       Ensorcelled Hiber |     3 |    13 |    30 ||    46
       Confusing Touch   |       |     6 |    30 ||    36
       Tukima's Dance    |       |     4 |     3 ||     7
  Use: Scroll            |       |     1 |    11 ||    12
       Potion            |       |       |     2 ||     2
 Stab: Sleeping          |    10 |     7 |    18 ||    35
       Confused          |       |     7 |    23 ||    30
       Distracted        |       |       |     1 ||     1
Armor: Robe              |    18 |    66 |       ||    84
       Leather armour    |       |       |   181 ||   181
Dodge: Dodged            |    98 |   138 |   392 ||   628
